 Dungeon Crawl Stone Soup version 0.28.0-53-g5a82cb258f (webtiles) character file.

Game seed: 11880367439615703099

18581 buhh the Artisan of Death (level 12, -8/88 HPs)
             Began as a Demonspawn Necromancer on June 16, 2022.
             Was a Priest of Kikubaaqudgha.
             Mangled by a komodo dragon (21 damage)
             ... on level 5 of the Lair of Beasts.
             The game lasted 01:01:50 (17123 turns).

buhh the Artisan of Death (Demonspawn Necromancer) Turns: 17123, Time: 01:01:51

Health: -8/88      AC: 11    Str: 17    XL:     12   Next: 29%
Magic:  20/24      EV: 12    Int: 21    God:    Kikubaaqudgha [***...]
Gold:   783        SH:  4    Dex: 14    Spells: 4/27 levels left

rFire   + . .      SeeInvis .   p - +10 falchion of Truncation {flame, rC+}
rCold   + . .      Faith    .   (no shield)
rNeg    . . .      Spirit   .   a - +0 robe
rPois   +          Reflect  .   (no helmet)
rElec   +          Harm     .   e - +0 cloak
rCorr   .          Rampage  .   (gloves unavailable)
Will    .....                   k - +0 pair of boots
Stlth   ++........              j - amulet of magic regeneration
HPRegen 0.24/turn               C - ring of Etsof {*Slow rElec rPois Str+8 Stlth-}
MPRegen 0.59/turn               i - ring of protection from fire

@: about to teleport, frozen, very slow
A: claws 3, thin metallic scales 2, icemail 1, powered by death 1, condensation
shield
a: Renounce Religion, Receive Corpses


You were on level 5 of the Lair of Beasts.
You worshipped Kikubaaqudgha.
Kikubaaqudgha was most pleased with you.
You visited 4 branches of the dungeon, and saw 18 of its levels.

You collected 783 gold pieces.

Inventory:

Hand Weapons
 b - a +0 dagger of venom
 p - the +10 falchion of Truncation (weapon) {flame, rC+}
   (You found it on level 3 of the Dungeon)

   It burns those it strikes, dealing additional fire damage.
   Big, fiery blades are also staple armaments of hydra-hunters.
   rC:        It protects you from cold.
 A - the +3 long sword "Deshajia" {freeze, rF- rC++ Str+3 SInv}
   (You found it on level 7 of the Dungeon)

   It freezes those it strikes, dealing additional cold damage.
   It can also slow down cold-blooded creatures.
   Str:       It affects your strength (+3).
   rF:        It makes you vulnerable to fire.
   rC:        It greatly protects you from cold.
   SInv:      It lets you see invisible.
 S - the +5 dagger of Ketwiewn {freeze, rPois rF+ Will+}
   (You found it on level 3 of the Lair of Beasts)

   It freezes those it strikes, dealing additional cold damage.
   It can also slow down cold-blooded creatures.
   rF:        It protects you from fire.
   rPois:     It protects you from poison.
   Will:      It increases your willpower.
Missiles
 s - 23 poisoned darts
 K - a curare-tipped dart
 L - 3 boomerangs of dispersal
Armour
 a - a +0 robe (worn)
 e - a +0 cloak (worn)
 k - a +0 pair of boots (worn)
Magical Staves
 n - a staff of poison
 q - a staff of conjuration
 N - a staff of air
Jewellery
 c - a ring of protection from cold
 h - an amulet of regeneration
 i - a ring of protection from fire (right claw)
 j - an amulet of magic regeneration (around neck)
 u - a +6 ring of intelligence
 C - the ring of Etsof (left claw) {*Slow rElec rPois Str+8 Stlth-}
   (You acquired it on level 4 of the Lair of Beasts)

   [ring of poison resistance]

   Str:       It affects your strength (+8).
   rElec:     It insulates you from electricity.
   rPois:     It protects you from poison.
   *Slow:     It may slow you when you take damage.
   Stlth:     It makes you less stealthy.
 H - a +4 ring of evasion
Wands
 l - a wand of polymorph (7)
 w - a wand of mindburst (5)
 D - a wand of acid (3)
 F - a wand of iceblast (4)
 I - a wand of flame (10)
 R - a wand of charming (8)
Scrolls
 g - a scroll of identify {!d}
 m - a scroll of amnesia {unknown}
 o - a scroll of brand weapon
 r - 2 scrolls of noise
 y - a scroll of vulnerability
 E - 4 scrolls of blinking {unknown}
 G - 4 scrolls of summoning {unknown}
 O - a scroll of immolation {unknown}
 P - 2 scrolls of magic mapping {!r!d}
 Q - 3 scrolls of fog
 T - a scroll of torment {unknown}
Potions
 d - 2 potions of degeneration
 f - 3 potions of might
 v - a potion of haste {unknown}
 x - 2 potions of berserk rage {unknown}
 z - a potion of attraction {unknown}
 B - 2 potions of ambrosia {!q!d}
 J - 4 potions of magic {!q!d}
 M - a potion of resistance {unknown}
 V - 3 potions of cancellation {!q!d}


   Skills:
 - Level 6.0 Fighting
 + Level 8.5 Long Blades
 - Level 2.0 Dodging
 - Level 5.0 Stealth
 * Level 8.1 Spellcasting
 * Level 15.3 Necromancy
 * Level 3.2 Earth Magic


You had 4 spell levels left.
You knew the following spells:

 Your Spells              Type           Power      Damage    Failure   Level
a - Pain                  Necr           100%       1d9       0%          1
b - Animate Skeleton      Necr           100%       N/A       0%          1
c - Dispel Undead         Necr           65%        3d22      1%          4
d - Vampiric Draining     Necr           65%        2d10      1%          3
e - Animate Dead          Necr           32%        N/A       1%          4
f - Agony                 Necr           65%        N/A       1%          5
g - Sublimation of Blood  Necr           65%        N/A       1%          2
h - Swiftness             Air            8%         N/A       24%         3

Your spell library contained the following spells:

 Spells                   Type           Power      Damage    Failure   Level
 Anguish                  Hex/Necr       20%        N/A       3%          4
 Passwall                 Tmut/Erth      12%        N/A       6%          2
 Apportation              Tloc           16%        N/A       8%          1
 Magic Dart               Conj           32%        1d4       8%          1
 Shock                    Conj/Air       32%        1d5       8%          1
 Sting                    Tmut/Pois      32%        1d4       8%          1
 Summon Small Mammal      Summ           32%        N/A       8%          1
 Ensorcelled Hibernation  Hex/Ice        16%        N/A       12%         2
 Searing Ray              Conj           16%        2d5       12%         2
 Static Discharge         Conj/Air       8%         N/A       12%         2
 Call Canine Familiar     Summ           8%         N/A       24%         3
 Confusing Touch          Hex            8%         N/A       24%         3
 Conjure Flame            Conj/Fire      8%         6-21      24%         3
 Dazzling Flash           Conj/Hex       16%        N/A       24%         3
 Ignite Poison            Fire/Tmut/Pois 8%         N/A       24%         3
 Summon Guardian Golem    Hex/Summ       8%         N/A       24%         3
 Airstrike                Air            4%         N/A       61%         4
 Fulminant Prism          Conj/Hex       4%         3d6       61%         4
 Hailstorm                Conj/Ice       8%         3d4       61%         4
 Ice Form                 Ice/Tmut       8%         N/A       61%         4
 Sticky Flame             Conj/Fire      8%         2d3       61%         4
 Borgnjor's Vile Clutch   Necr/Erth      23%        N/A       4%          5
 Simulacrum               Ice/Necr       20%        N/A       45%         6
 Infestation              Necr           32%        N/A       67%         8
 Alistair's Intoxication  Tmut/Pois      5%         N/A       91%         5
 Silence                  Hex/Air        4%         N/A       91%         5
 Yara's Violent Unravell  Hex/Tmut       4%         3d4       91%         5
 Haunt                    Necr/Summ      20%        N/A       96%         7
 Enfeeble                 Hex            4%         N/A       100%        7
 Malign Gateway           Summ/Tloc      4%         N/A       100%        7


Dungeon Overview and Level Annotations

Branches:
Dungeon (10/15)            Temple (1/1) D:6            Lair (5/6) D:8
  Snake (0/4) Lair:4        Slime (0/5) Lair:5          Orc (2/2) D:9
  Swamp: Lair:2-4    Shoals: Lair:2-4       Elf: Orc:2

Altars:
Elyvilon
Fedhas
Kikubaaqudgha
Sif Muna
Trog
Uskayaw
Wu Jian
Zin
Beogh

Shops:
Orc:2 *

Annotations:
D:7 Maggie
D:9 3 runed translucent doors, exclusion: 3 doors, trickyswaf's ghost, novice MiFi
Lair:2 Erica
Lair:3 Fannar


Innate Abilities, Weirdness & Mutations

You have claws for hands.
You are mostly covered in thin metallic scales. (AC +3)
A meltable icy envelope protects you from harm. (AC +4)
You regenerate a little health from kills.
A meltable shield of frost defends you. (SH +4)


Message History

The komodo dragon bites you!!
The komodo dragon hisses menacingly.
The komodo dragon bites you.
You hear an angry hiss. x2
Casting: Vampiric Draining (safe; 1% risk of failure)
Confirm with . or Enter, or press ? or * to list all spells.
Aiming: Vampiric Draining (safe; 1% risk of failure)
Press: ? - help, Shift-Dir - straight line, f - komodo dragon
Aim: a komodo dragon (moderately wounded)
You draw life force from the komodo dragon!
You feel life coursing into your body. The komodo dragon bites you!
A komodo dragon comes into view.
Casting: Vampiric Draining (safe; 1% risk of failure)
Confirm with . or Enter, or press ? or * to list all spells.
Aiming: Vampiric Draining (safe; 1% risk of failure)
Press: ? - help, Shift-Dir - straight line, f/p - komodo dragon
Aim: a komodo dragon (heavily wounded)
You draw life force from the komodo dragon!
You feel life coursing into your body. The komodo dragon bites you!!
* * * LOW HITPOINT WARNING * * *
A rime drake comes into view.
What are your orders? t - Shout!
Orders for allies: a - Attack new target. p - Attack previous target. r - Retreat! s - Stop attacking. g - Guard the area. f - Follow me.
Anything else - Cancel.
Okay, then.
Okay, then.
Okay, then.
As you read the scroll of teleportation {!d}, it crumbles to dust.
You feel strangely unstable.
You block the komodo dragon's attack. x2
The rime drake breathes ice at you. The flash freeze hits you!
You partially resist.
* * * LOW HITPOINT WARNING * * *
You are encased in ice.
A polar bear comes into view.
The komodo dragon bites you!!
You die...
Kikubaaqudgha rasps: "You have failed me!
Welcome... death!"

##......... .≈≈
..P
#...........≈≈
...
#...#####...≈♣
... #..##.
#...♣♣≈ ...
##..#.. .#.≈≈≈≈
...
#...##h###.......
.^.
#.#...#kl#....##
##.#..##.l#l...#
####.....@...##
##.......##
#..........#
####.##.....#
#####...## .....
≈≈≈.. ≈♣≈..#


You could see a polar bear, 3 komodo dragons and a rime drake.

Vanquished Creatures
  3 hydras
  2 two-headed ogres
  2 black mambas (Lair:3)
  3 cane toads
  A rime drake (Lair:4)
  6 komodo dragons
  2 polar bears
  15 blink frogs
  20 yaks
  4 wyverns
  A basilisk (Lair:4)
  3 nagas (Lair:4)
  8 water moccasins
  5 orc warriors
  A sky beast (D:8)
  A black bear (D:7)
  2 necrophages
  3 ogres
  3 wolves (Lair:4)
  2 centaurs
  A kobold brigand (D:7)
  10 bullfrogs
  3 scorpions
  A wyvern zombie (D:9)
  13 killer bees (D:10)
  5 electric eels
  3 centaur zombies
  A bullfrog zombie (D:5)
  A hound (D:6)
  3 jellies
  A bullfrog skeleton (D:6)
  7 orc priests
  Jessica (D:3)
  2 iguanas
  7 orc wizards
  2 killer bee zombies
  2 howler monkey zombies
  9 adders
  A white imp (D:7)
  4 dart slugs
  37 orcs
  11 endoplasms
  4 giant cockroaches
  5 goblins
  4 hobgoblins
  14 jackals
  2 quokkas
  6 ball pythons
  6 bats
  2 frilled lizards
  7 kobolds
  A rat (D:2)
  A butterfly (Lair:2)
264 creatures vanquished.

Vanquished Creatures (collateral kills)
  3 killer bees (D:10)
  An iguana (D:6)
  An orc (D:9)
  An endoplasm (D:3)
6 creatures vanquished.

Vanquished Creatures (others)
  29 fungi
  54 plants
83 creatures vanquished.

Grand Total: 353 creatures vanquished

Notes
Turn   | Place    | Note
-------+----------+-------------------------------------------
     0 | D:1      | buhh the Demonspawn Necromancer began the quest for the
                  | Orb.
     0 | D:1      | Reached XP level 1. HP: 13/13 MP: 3/3
   438 | D:1      | Gained mutation: You have sharp fingernails. [demonic
                  | ancestry]
   438 | D:1      | Reached XP level 2. HP: 18/19 MP: 3/5
  1581 | D:1      | Gained mutation: You are partially covered in thin metallic
                  | scales. (AC +2) [demonic ancestry]
  1581 | D:1      | Reached XP level 3. HP: 21/24 MP: 2/6
  1954 | D:2      | Reached skill level 5 in Necromancy
  2096 | D:2      | Learned a level 1 spell: Animate Skeleton
  2636 | D:3      | Gained mutation: You have very sharp fingernails. [demonic
                  | ancestry]
  2636 | D:3      | Reached XP level 4. HP: 27/30 MP: 3/7
  2980 | D:3      | Noticed Jessica
  2983 | D:3      | Killed Jessica
  3075 | D:4      | Reached skill level 6 in Necromancy
  3138 | D:4      | Noticed a scorpion
  3149 | D:4      | Killed a scorpion
  3150 | D:4      | Reached XP level 5. HP: 9/35 MP: 1/8
  3758 | D:3      | Reached skill level 7 in Necromancy
  3779 | D:3      | Found a faded altar of an unknown god.
  3791 | D:3      | Identified the +10 falchion of Truncation {flame, rC+}
  4254 | D:4      | Gained mutation: You are mostly covered in thin metallic
                  | scales. (AC +3) [demonic ancestry]
  4254 | D:4      | Reached XP level 6. HP: 40/41 MP: 6/9
  5182 | D:5      | Entered Level 5 of the Dungeon
  5269 | D:5      | Reached skill level 8 in Necromancy
  5959 | D:5      | Reached XP level 7. HP: 35/52 MP: 3/10
  6090 | D:5      | Learned a level 4 spell: Dispel Undead
  6175 | D:6      | Noticed a two-headed ogre
  6467 | D:6      | Killed a two-headed ogre
  6468 | D:6      | Gained mutation: A meltable shield of frost defends you.
                  | (SH +4) [demonic ancestry]
  6468 | D:6      | Reached XP level 8. HP: 63/64 MP: 11/11
  6491 | D:6      | Found a staircase to the Ecumenical Temple.
  6498 | Temple   | Entered the Ecumenical Temple
  6507 | Temple   | Became a worshipper of Kikubaaqudgha
  6944 | D:6      | Learned a level 3 spell: Vampiric Draining
  7085 | D:6      | Reached skill level 9 in Necromancy
  7159 | D:6      | Noticed a manticore
  7855 | D:6      | Learned a level 4 spell: Animate Dead
  8118 | D:7      | Got the Incunabulum of Creative Moulding
  8233 | D:7      | Gained mutation: You regenerate a little health from kills.
                  | [demonic ancestry]
  8233 | D:7      | Reached XP level 9. HP: 58/69 MP: 11/15
  8329 | D:7      | Noticed Maggie
  8518 | D:7      | Identified the +3 long sword "Deshajia" {freeze, rF- rC++
                  | Str+3 SInv}
  8920 | D:8      | Reached skill level 10 in Necromancy
  8986 | D:8      | Noticed a two-headed ogre
  9034 | D:8      | Found a staircase to the Lair.
  9052 | D:8      | Reached * piety under Kikubaaqudgha
  9052 | D:8      | Received a gift from Kikubaaqudgha
  9384 | D:8      | Killed a two-headed ogre
  9599 | Lair:1   | Entered Level 1 of the Lair of Beasts
  9792 | Lair:1   | Reached skill level 11 in Necromancy
  9876 | Lair:1   | Noticed a komodo dragon
 10241 | D:9      | Found a staircase to the Orcish Mines.
 10300 | D:9      | Reached XP level 10. HP: 58/76 MP: 15/19
 10472 | D:9      | Found a runed translucent gate.
 10472 | D:9      | Found a runed translucent gate.
 10474 | D:9      | Found a runed translucent gate.
 10479 | D:9      | Noticed trickyswaf's ghost (novice MiFi)
 11221 | Orc:1    | Entered Level 1 of the Orcish Mines
 11313 | Orc:2    | Entered Level 2 of the Orcish Mines
 11313 | Orc:2    | Found Ekhlougy's General Store.
 11363 | D:10     | Entered Level 10 of the Dungeon
 11557 | D:10     | Reached skill level 12 in Necromancy
 12194 | D:10     | Learned a level 5 spell: Agony
 12197 | D:10     | Learned a level 2 spell: Sublimation of Blood
 12792 | Lair:1   | Reached ** piety under Kikubaaqudgha
 12896 | Lair:2   | Noticed a cane toad
 12907 | Lair:2   | Killed a cane toad
 12908 | Lair:2   | Reached skill level 13 in Necromancy
 13000 | Lair:2   | Gained mutation: A meltable icy envelope protects you from
                  | harm. (AC +4) [demonic ancestry]
 13000 | Lair:2   | Reached XP level 11. HP: 51/81 MP: 17/22
 13225 | Lair:2   | Noticed Erica
 13245 | Lair:2   | Noticed a seven-headed hydra
 13318 | Lair:3   | Noticed a seven-headed hydra
 13325 | Lair:3   | Killed a seven-headed hydra
 13929 | Lair:3   | Reached skill level 14 in Necromancy
 14269 | Lair:3   | Noticed Fannar
 14272 | Lair:3   | Identified the +5 dagger of Ketwiewn {freeze, rPois rF+
                  | Will+}
 14496 | Lair:4   | HP: 3/81 [electric eel/bolt of electricity (4)]
 14725 | Lair:4   | Noticed a five-headed hydra
 14733 | Lair:4   | Killed a five-headed hydra
 14734 | Lair:4   | Reached skill level 15 in Necromancy
 15231 | Lair:4   | Identified a scroll of acquirement
 15232 | Lair:4   | Acquired the ring of Etsof {*Slow rElec rPois Str+8 Stlth-}
 15240 | Lair:4   | Learned a level 3 spell: Swiftness
 15471 | Lair:4   | Reached *** piety under Kikubaaqudgha
 15471 | Lair:4   | Received a gift from Kikubaaqudgha
 15620 | Lair:4   | Found a staircase to the Snake Pit.
 15648 | Lair:4   | Gained mutation: You have claws for hands. [demonic
                  | ancestry]
 15648 | Lair:4   | Reached XP level 12. HP: 88/88 MP: 23/23
 16087 | Lair:5   | Found a staircase to the Slime Pits.
 16444 | Lair:5   | Noticed a six-headed hydra
 16459 | Lair:5   | Killed a six-headed hydra
 17123 | Lair:5   | Mangled by a komodo dragon

Illustrated notes

Levels and vault maps discovered:
D:1:      sevenhm_arrival_forest_fort_small_3, layout_basic, st_stairs_4,
          minmay_pentomino_v2
D:2:      layout_rooms
D:3:      layout_basic, basic_ecumenical_altar, uniq_jessica
D:4:      layout_loops_ring
D:5:      layout_basic, minmay_holes, kennysheep_generic_room_9
D:6:      layout_gridville, nicolae_overflow_crystal_walls,
          minmay_temple_entry_junction_2
D:7:      layout_cave_pools, uniq_maggie
D:8:      layout_basic, lair_entry_dummy
D:9:      layout_basic, minmay_orc_entry_temple_small, gammafunk_ghost_spectres
D:10:     layout_roguey [special_room_bee], centaur_isle
Temple:   compressed_dpeg_circular_temple
Lair:1:   layout_roguey, chequers_serial_rivers_marsh
Lair:2:   layout_hall_layers, swamp_mist_pool, st_stairs_10,
          cheibrodos_lair_lostbears, lemuel_fruit_tree, grunt_megastairs_1,
          lemuel_fruit_fields, uniq_erica
Lair:3:   layout_roguey, serial_bayou_lagoon_b, serial_bayou_shore_b,
          grunt_megastairs_3, infiniplex_staircase_pool_2, uniq_fannar
Lair:4:   layout_regular_city, minmay_snake_entry_guardpost_small,
          serial_bayou_shore_a, grunt_megastairs_5
Lair:5:   layout_gridlike, nicolae_slime_entry_slimehenge, beast_lair_carwin_1,
          grunt_megastairs_4, infiniplex_staircase_pool, serial_bayou_shore_b
Orc:1:    layout_diamond_mine, ebering_ghost_inner_flame
Orc:2:    grunt_orc_cross, layout_caves, serial_shops, shop,
          nicolae_square_shop, nicolae_shop_overgrown_old_shop,
          nicolae_shop_advertising_works [nicolae_subvault_shop_adworks], shop,
          uniq_erolcha

Skill      XL: |  1  2  3  4  5  6  7  8  9 10 11 12 |
---------------+-------------------------------------+-----
Stealth        | 2 3 5 |  5.0
Dodging        | 2 |  2.0
Necromancy     | 5 6 7 8 9 11 13 15 | 15.3
Fighting       | 3 6 |  6.0
Spellcasting   | 4 6 7 8 |  8.1
Long Blades    | 1 3 5 8 |  8.5
Earth Magic    | 1 3 |  3.2

Action                   |  1- 3 |  4- 6 |  7- 9 | 10-12 || total
-------------------------+-------+-------+-------+-------++-------
Melee: Unarmed           |    16 |       |       |       ||    16
       Dagger            |    19 |    31 |       |       ||    50
       Punch             |       |     1 |     1 |     1 ||     3
       Falchion          |       |    19 |    69 |   227 ||   315
 Cast: Pain              |    69 |   105 |    52 |    12 ||   238
       Animate Skeleton  |     2 |     5 |    11 |       ||    18
       Dispel Undead     |       |       |    10 |     3 ||    13
       Vampiric Draining |       |       |    15 |   176 ||   191
       Animate Dead      |       |       |     3 |    12 ||    15
       Agony             |       |       |       |    14 ||    14
       Sublimation of Bl |       |       |       |     2 ||     2
Invok: Receive Corpses   |       |       |       |     1 ||     1
Evoke: Wand              |       |       |    13 |    11 ||    24
  Use: Potion            |     1 |     1 |       |    10 ||    12
       Scroll            |       |       |    12 |    12 ||    24
 Stab: Distracted        |       |       |     1 |     1 ||     2
       Sleeping          |       |       |     2 |     1 ||     3
Armor: Robe              |    15 |    18 |    23 |   116 ||   172
Dodge: Dodged            |    59 |    46 |    67 |   232 ||   404
Block: Other             |       |       |    13 |    75 ||    88
